 Dungeon Crawl Stone Soup version 0.20-a0-472-g5c05303 (webtiles) character file.

65 nikopol the Skirmisher (level 4, -7/29 HPs)
             Began as a Gargoyle Berserker on Jan 14, 2017.
             Was a Believer of Trog.
             Killed from afar by an orc wizard (8 damage)
             ... with a magic dart
             ... on level 3 of the Dungeon.
             The game lasted 00:02:27 (1732 turns).

nikopol the Skirmisher (Gargoyle Berserker)         Turns: 1732, Time: 00:02:27

Health: -7/29      AC:  9    Str: 21    XL:     4   Next: 14%
Magic:  4/4        EV: 11    Int:  7    God:    Trog [**....]
Gold:   80         SH:  0    Dex: 10    Spells: 3/3 levels left

rFire  . . .     SeeInvis .     a - +0 hand axe
rCold  . . .     Gourm    .     p - +0 ring mail
rNeg   + . .     Faith    .     (no shield)
rPois  ∞         Spirit   .     (no helmet)
rElec  +         Reflect  .     (no cloak)
rCorr  .         Harm     .     (no gloves)
MR     .....                    (no boots)
Stlth  ..........               (no amulet)
                                (no ring)
                                (no ring)

@: confused, exhausted, slowed, very slow
A: negative energy resistance 1, electricity resistance, unbreathing,
petrification resistance, rot immunity, AC +3
a: Berserk, Trog's Hand, Burn Spellbooks, Renounce Religion


You were on level 3 of the Dungeon.
You worshipped Trog.
Trog was pleased with you.
You were near starving.

You visited 1 branch of the dungeon, and saw 3 of its levels.

You collected 80 gold pieces.

Inventory:

Hand Weapons
 a - a +0 hand axe (weapon)
Armour
 b - a +0 animal skin
 p - a +0 ring mail (worn)
Jewellery
 m - an uncursed amulet of guardian spirit {unknown}
Scrolls
 e - 4 scrolls of enchant armour {unknown}
 f - 2 scrolls of amnesia {unknown}
 h - 3 scrolls of remove curse {unknown}
 i - 3 scrolls of identify {unknown}
 j - a scroll of recharging {unknown}
 l - a scroll of teleportation {unknown}
 o - 2 scrolls of magic mapping {unknown}
 q - 2 scrolls of enchant weapon {unknown}
 r - a scroll of noise {unknown}
Potions
 d - a potion of berserk rage {unknown}
 k - a potion of heal wounds {unknown}
Comestibles
 c - 3 bread rations
 g - a slice of pizza
 n - a royal jelly


   Skills:
 + Level 4.1 Fighting
 + Level 3.0 Axes
 + Level 3.2 Armour
 + Level 1.9 Dodging


You had 3 spell levels left.
You didn't know any spells.

Dungeon Overview and Level Annotations

Branches:
Dungeon (3/15)

Altars:
Fedhas


Innate Abilities, Weirdness & Mutations

You are resistant to torment.
Your stone body is resilient. (AC +3)
You are immune to poison.
You resist negative energy. (rN+)
You are resistant to electric shocks. (rElec)
You can survive without breathing.
You are immune to petrification.
You are immune to rotting.


Message History

The orc wizard hits you but does no damage.
You bump into the rock wall.
You are no longer berserk.
You are exhausted.
You feel yourself slow down. The orc wizard hits you with a dagger.
* * * LOW HITPOINT WARNING * * *
Something hits you but does no damage. The orc barely misses you.
You bump into the rock wall.
The orc wizard hits you but does no damage.
Something hits you but does no damage. The orc wizard closely misses you.
The orc hits you from afar with a trident.
* * * LOW HITPOINT WARNING * * *
You are near starving!
You miss the orc wizard. You barely miss something.
The orc wizard hits you with a dagger.
* * * LOW HITPOINT WARNING * * *
Something hits you but does no damage.
The orc wizard points at you and mumbles some strange words.
The magic dart hits you!
You die...

#........###.##.#
#......#........#
#.#...######.####
...##..######.#
### #.........#
#.######### #.#
#o# #@# #)#


oo# ##.# ... #.# ... ... You could see an orc wizard and 2 orcs.

Vanquished Creatures
  An adder (D:2)
  A gnoll (D:2)
  5 dart slugs (D:1)
  A leopard gecko (D:1)
  An orc (D:3)
  7 goblins
  2 hobgoblins (D:1)
  5 kobolds
  8 bats
  2 frilled lizards
  2 rats (D:1)
35 creatures vanquished.

Notes
Turn   | Place    | Note
-------+----------+-------------------------------------------
     0 | D:1      | nikopol the Gargoyle Berserker began the quest for the Orb.
     0 | D:1      | Reached XP level 1. HP: 14/14 MP: 1/1
   213 | D:1      | Reached XP level 2. HP: 11/19 MP: 2/2
   584 | D:1      | Reached XP level 3. HP: 24/24 MP: 3/3
   774 | D:1      | Reached ** piety under Trog
   995 | D:2      | Found a blossoming altar of Fedhas.
  1211 | D:2      | Reached skill level 4 in Fighting
  1417 | D:2      | Reached XP level 4. HP: 26/29 MP: 4/4
  1732 | D:3      | HP: 1/29 [orc wizard/dagger (3)]
  1732 | D:3      | Killed from afar by an orc wizard

Vault maps used:
D:1:      lemuel_arrival_rhombus
D:2:      kennysheep_big_empty_room, fedhas_altar_4
D:3:      first_bread, grunt_decor_resistance

Skill      XL: |  1  2  3 |
---------------+----------+-----
Armour         | 3 |  3.2
Fighting       | 4 |  4.1
Axes           | 3 |  3.0
Dodging        | |  1.9

Action                   |  1- 3 |  4- 6 || total
-------------------------+-------+-------++-------
Melee: Hand axe          |   109 |    24 ||   133
Invok: Berserk           |       |     1 ||     1
  Eat: Chunk             |     2 |       ||     2
Armor: Animal skin       |    28 |       ||    28
       Ring mail         |    17 |    16 ||    33
Dodge: Dodged            |    96 |    13 ||   109
